 Dungeon Crawl Stone Soup version 0.28-a0-863-g8cecda6153 (webtiles) character file.

Game seed: 7301878765627681870

209 horus123 the Magician (level 5, -2/28 HPs)
             Began as a Deep Elf Fire Elementalist on Nov 19, 2021.
             Slain by an orc (7 damage)
             ... on level 4 of the Dungeon.
             The game lasted 00:07:30 (4462 turns).

horus123 the Magician (Deep Elf Fire Elementalist)  Turns: 4462, Time: 00:07:31

Health: -2/28      AC:  3    Str:  5    XL:     5   Next: 55%
Magic:  3/14       EV: 13    Int: 21    God:
Gold:   189        SH:  0    Dex: 15    Spells: 8/14 levels left

rFire   + . .      SeeInvis .   e - staff of poison
rCold   + . .      Faith    .   (no shield)
rNeg    . . .      Spirit   .   a - +1 robe
rPois   +          Reflect  .   (no helmet)
rElec   .          Harm     .   f - scarf {rC+ rF+}
rCorr   +          Rampage  .   (no gloves)
Will    .....                   (no boots)
Stlth   ++........              (no amulet)
HPRegen 0.09/turn               b - ring of resist corrosion
MPRegen 0.14/turn               (no ring)

@: about to teleport
A: no striking features
a: no special abilities


You were on level 4 of the Dungeon.
You visited 1 branch of the dungeon, and saw 4 of its levels.

You collected 189 gold pieces.

Inventory:

Hand Weapons
 l - a +0 dagger of speed
Armour
 a - a +1 robe (worn)
 f - a scarf of resistance (worn)
Magical Staves
 e - a staff of poison (weapon)
Jewellery
 b - a ring of resist corrosion (left hand)
 j - a ring of ice
Scrolls
 k - a scroll of torment
Potions
 c - a potion of flight {unknown}
 d - a potion of attraction {unknown}
 g - a potion of heal wounds {unknown}
 h - a potion of curing {unknown}
 i - a potion of brilliance {unknown}


   Skills:
 + Level 2.7 Dodging
 + Level 3.6 Stealth
 + Level 5.4 Spellcasting
 + Level 2.3 Conjurations
 + Level 4.6 Fire Magic


You had 8 spell levels left.
You knew the following spells:

 Your Spells              Type           Power      Damage    Failure   Level
a - Foxfire               Conj/Fire      80%        2x1d8     2%          1
b - Scorch                Fire           50%        2d8       2%          2
c - Inner Flame           Hex/Fire       15%        N/A       12%         3

Your spell library contained the following spells:

 Spells                   Type           Power      Damage    Failure   Level
 Conjure Flame            Conj/Fire      20%        6-21      8%          3
 Flame Wave               Conj/Fire      20%        3d6       24%         4
 Portal Projectile        Hex/Tloc       10%        N/A       30%         3
 Blade Hands              Tmut           2%         N/A       96%         5
 Excruciating Wounds      Necr           2%         N/A       96%         5
 Summon Forest            Summ/Tloc      2%         N/A       96%         5
 Eringya's Noxious Bog    Tmut/Pois      4%         N/A       100%        6
 Summon Hydra             Summ           2%         N/A       100%        7


Dungeon Overview and Level Annotations

Branches:
Dungeon (4/15)
 Temple: D:4-7

Altars:
Elyvilon

Shops:
D:3 (

Annotations:
D:4 Ijyb


Message History

Ijyb closely misses you.
You don't have enough magic to cast this spell.
You don't have enough magic to cast this spell.
Casting: Scorch (safe; 2% risk of failure)
Confirm with . or Enter, or press ? or * to list all spells.
You conjure some foxfire!
Ijyb barely misses you.
The foxfire hits Ijyb but does no damage.
Ijyb is lightly wounded.
Ijyb hits you with a +0 dagger.
The foxfire hits Ijyb but does no damage.
Ijyb is lightly wounded.
Ijyb hits you but does no damage. Ijyb hits you with a +0 dagger.
An orc comes into view. It is wielding a +0 whip.
Ijyb zaps a wand.
The mass of ice explodes!
The iceblast engulfs you! You partially resist.
Ouch! That really hurt!
The orc shouts!
You hear a shout! x4
An orc comes into view. It is wielding a +0 mace.
Okay, then.
You hear the slow rusting of a very distant drain.
You hear the slow hiss of a very distant avalanche of sand.
The orc hits you with a +0 whip.
An orc wizard comes into view. It is wielding a +0 dagger.
Ijyb hits you with a +0 dagger.
* * * LOW HITPOINT WARNING * * *
Ijyb closely misses you.
An orc comes into view. It is wielding a +0 whip.
The orc wizard barely misses you. The orc completely misses you.
The orc wizard barely misses you.
The orc wizard points at you and mumbles some strange words.
You resist with some effort.
The orc wizard gestures wildly while chanting.
The orc wizard flickers and vanishes!
Deactivating autopickup; reactivate with Ctrl-A.
As you read the scroll of teleportation, it crumbles to dust.
You feel strangely unstable.
Ijyb screams, "Get away!"
The orc hits you with a +0 mace!
You die...

..........#
###.####..#
#.. #..#
#...##..#
#..o{.#
#..^##g##
##. #o# #
#o# #@#
##.# #..#
#.## #.#
#.# #.# #.#
#.# #.#


You could see Ijyb (resistant) and 3 orcs.

Vanquished Creatures
  2 orc priests (D:3)
  An orc wizard (D:3)
  5 adders
  A worm (D:4)
  5 dart slugs
  6 orcs (D:3)
  5 endoplasms
  2 giant cockroaches
  9 goblins
  4 hobgoblins
  2 jackals (D:1)
  3 quokkas
  2 ball pythons
  8 bats
  2 frilled lizards
  2 kobolds
  6 rats
65 creatures vanquished.

Vanquished Creatures (others)
  188 foxfires
188 creatures vanquished.

Grand Total: 253 creatures vanquished

Notes
Turn   | Place    | Note
-------+----------+-------------------------------------------
     0 | D:1      | horus123 the Deep Elf Fire Elementalist began the quest for
                  | the Orb.
     0 | D:1      | Reached XP level 1. HP: 10/10 MP: 6/6
   200 | D:1      | Reached XP level 2. HP: 15/15 MP: 0/8
   301 | D:1      | Learned a level 2 spell: Scorch
   908 | D:1      | Found a faded altar of an unknown god.
  1316 | D:2      | Reached XP level 3. HP: 9/19 MP: 2/10
  1547 | D:2      | Learned a level 3 spell: Inner Flame
  1959 | D:2      | Reached XP level 4. HP: 24/24 MP: 8/11
  2714 | D:3      | Found a white marble altar of Elyvilon.
  2918 | D:3      | Found Fawneclo's Antique Weapon Boutique.
  3028 | D:3      | Reached skill level 4 in Spellcasting
  3239 | D:3      | Reached XP level 5. HP: 25/28 MP: 10/14
  3452 | D:3      | Reached skill level 5 in Spellcasting
  4432 | D:4      | Noticed Ijyb
  4462 | D:4      | Slain by an orc

Illustrated notes

Levels and vault maps discovered:
D:1:      zelgadis_glass_arrival_large, layout_basic,
          shapermc_ecumenical_altar_notcrosses
D:2:      layout_basic, serial_aquarium, aquarium_bridge_square
          [aquarium_subvault_window, aquarium_subvault_wall,
          aquarium_subvault_bridge, aquarium_subvault_wall], aquarium_window_1,
          aquarium_window_corridor_1, aquarium_view_4, aquarium_view_2d,
          aquarium_balcony_5b, aquarium_pool_2, st_stairs_2,
          grunt_decor_one_mirror
D:3:      layout_loops_corners, mainiacjoe_overflow_concentric_impassable,
          serial_shops, shop, minmay_joined_circles
D:4:      layout_loops_ring, enter_ossuary_2, portal_sewer_entry_b, uniq_ijyb

Skill      XL: |  1  2  3  4  5 |
---------------+----------------+-----
Fire Magic     | 4 |  4.6
Conjurations   | 2 |  2.3
Stealth        | 3 |  3.6
Spellcasting   | 4 5 |  5.4
Dodging        | |  2.7

Action                   |  1- 3 |  4- 6 || total
-------------------------+-------+-------++-------
 Cast: Foxfire           |    91 |    33 ||   124
       Scorch            |       |    41 ||    41
  Use: Scroll            |       |     5 ||     5
       Potion            |       |     1 ||     1
Armor: Robe              |     1 |     4 ||     5
Dodge: Dodged            |    10 |    25 ||    35

Table legend: (Time is in decaauts)
 A = Elapsed time spent in this place.
 B = Non-inter-level travel time spent in this place.
 C = Inter-level travel time spent in this place.
 D = Time resting spent in this place.
 E = Time spent auto-exploring this place.
 F = Levels seen in this place.
 G = Mean time per level.
                   A        B        C        D        E       F      G
               +--------+--------+--------+--------+--------+-----+--------+
         Total |   4461 |   4372 |     89 |    219 |   3645 |   4 | 1115.2 |
       Dungeon |   4461 |   4372 |     89 |    219 |   3645 |   4 | 1115.2 |
               +--------+--------+--------+--------+--------+-----+--------+

Top non-repeatable levels by time:
     D:3: 1665 daAuts
     D:2: 1454 daAuts
     D:1: 1230 daAuts
     D:4: 111 daAuts
